 Dungeon Crawl Stone Soup version 0.31.0-32-g396128a36d (webtiles) character file.

Game seed: 11746821858199037347

3894 ChrisAssaf the Ducker (level 10, 0/70 HPs)
             Began as a Djinni Fire Elementalist on Mar 22, 2024.
             Was a Follower of Ashenzari.
             Killed by divine providence
             ... invoked by an orc priest
              (12 damage)
             ... on level 7 of the Dungeon on Mar 23, 2024.
             The game lasted 00:29:04 (7787 turns).

ChrisAssaf the Ducker (Djinni Fire Elementalist)    Turns: 7787, Time: 00:29:04

Health: 0/70       AC:  2    Str:  9    XL:     10   Next: 42%
Gold:   365        EV: 15    Int: 19    God:    Ashenzari [*.....] SH:  0 Dex: 14

rFire   + + .        e - +2 dagger of the Unveiling Gnosis {protect, Cun, Fort} (curse)
rCold   x x .        (no shield)
rNeg    . . .        a - +0 robe of the Pangnostic Sky {Dev, Melee} (curse)
rPois   ∞            (no helmet)
rElec   .            (no cloak)
rCorr   .            (no gloves)
SInv    .            (boots unavailable)
Will    +....        (no amulet)
Stlth   +++          (no ring)
HPRegen 0.31/turn    (no ring)
MPRegen 0.00/turn

%: infuse magic (-1 HP)
@: flying
A: sickness immunity, fire resistance 2, cold vulnerability 2, float, innate
caster, HP casting, extra vitality 1, sense surroundings 1
a: Renounce Religion, Curse Item, Shatter the Chains


You were on level 7 of the Dungeon.
You worshipped Ashenzari.
Ashenzari was aware of your devotion.
You visited 1 branch of the dungeon, and saw 7 of its levels.
You also visited: Sewer.

You collected 365 gold pieces.

Inventory:

Hand Weapons
 e - the cursed +2 dagger of the Unveiling Gnosis (weapon) {protect, Cun, Fort}
   (You took it off a kobold on level 1 of the Dungeon)

   It has a curse which improves the following skills: Cunning: Dodging and
   Stealth.
   Fortitude: Armour and Shields.
Missiles
 g - 2 curare-tipped darts (quivered)
 l - 4 javelins
Armour
 a - the cursed +0 robe of the Pangnostic Sky (worn) {Dev, Melee}

   It has a curse which improves the following skills: Devices: Evocations and
   Shapeshifting.
   Melee Combat: Short Blades, Long Blades, Axes, Maces & Flails, Polearms,
   Staves and Unarmed Combat.
Wands
 c - a wand of mindburst (2)
Scrolls
 f - a scroll of fog
Potions
 b - 4 potions of attraction
 d - a potion of cancellation
 i - a potion of resistance
 k - 2 potions of haste
 m - a potion of enlightenment


   Skills:
 * Level 5.1 Fighting
 * Level 4.8(5.5) Short Blades
 * Level 2.0 Throwing
 * Level 5.3(6.1) Armour
 * Level 6.2(7.0) Dodging
 * Level 5.2(6.0) Stealth
 * Level 5.0 Spellcasting
 * Level 5.0 Conjurations
 * Level 5.0 Hexes
 * Level 5.0 Summonings
 * Level 5.0 Necromancy
 * Level 5.0 Translocations
 * Level 5.0 Fire Magic
 * Level 5.0 Ice Magic
 * Level 5.0 Air Magic
 * Level 5.0 Earth Magic
 * Level 5.0 Alchemy
 * Level 4.8(5.5) Evocations


You knew the following spells:

 Your Spells              Type           Power      Damage    Failure   Level
a - Foxfire               Conj/Fire      96%        2x1d8     1%          1
b - Scorch                Fire           48%        2d7       2%          2
c - Volatile Blastmotes   Fire/Tloc      48%        2d14      4%          3
d - Inner Flame           Hex/Fire       24%        N/A       4%          3
e - Flame Wave            Conj/Fire      24%        2d8       16%         4
f - Slow                  Hex            96%        N/A       1%          1
g - Ensorcelled Hibernat  Hex/Ice        48%        N/A       2%          2
h - Hailstorm             Conj/Ice       24%        3d7       4%          3
i - Dispel Undead         Necr           24%        3d12      16%         4
Your spell library was empty.

Dungeon Overview and Level Annotations

Branches:
Dungeon (7/15)             Temple (0/1) D:5           Sewer (visited)

Altars:
Ashenzari


Innate Abilities, Weirdness & Mutations

You are immune to sickness and miasma.
You are immune to poison.
Your flesh is very heat resistant. (rF++)
You are very vulnerable to cold. (rC--)
You float through the air rather than walking.
You learn spells naturally, not from books.
Your magical power is your life essence.
You have superior vitality. (+4 MHP)
You passively map a small area around you.


Message History

* * * LOW HITPOINT WARNING * * *
An orc wizard comes into view. It is wielding a +0 dagger.
Unknown command.
Aiming: Mindburst
Press: ? - help, Shift-Dir - straight line, f - bullfrog
Aim: a bullfrog (almost dead, chance to affect: 83%)
The bullfrog's mind is blasted!!
You blow up the bullfrog!
Your Throwing skill increases to level 2!
Unknown command.
Aiming: Bolt of Light
Press: ? - help, Shift-Dir - straight line, f - orc wizard
Aim: an orc wizard, wielding a +0 dagger and wearing a +0 robe (67% to hit)
The bolt of light misses the orc wizard.
The orc wizard hits you but does no damage.
Unknown command.
Aiming: Bolt of Light
Press: ? - help, Shift-Dir - straight line, f/p - orc wizard
Aim: an orc wizard, wielding a +0 dagger and wearing a +0 robe (67% to hit)
The bolt of light hits the orc wizard!
The orc wizard is almost dead.
The orc wizard is blinded.
The now-empty wand crumbles to dust.
The orc wizard points at you and mumbles some strange words.
The puff of flame misses you.
You hit the orc wizard.
You kill the orc wizard!
You now have 359 gold pieces (gained 10).
Things that are here:
a +0 dagger; a +0 robe You now have 365 gold pieces (gained 6).
You see here a +0 shortbow.
Things that are here:
a +0 dagger; a +0 robe You start resting.
An orc priest comes into view. It is wielding a +0 club.
An orc priest is nearby!
An orc priest comes into view. It is wielding a +0 whip.
The orc priest mumbles some strange prayers to Beogh against you.
Beogh smites you!
You die...

, * ##... , * * ##...#
,,, , *, ##.o..# * *
##.....# , ##.o.#.. ,#
* ##....#.###.#,* ,
##.....#..?.c#,
*#...#..$$.#.....# + ,
#..@#.###.# ###.# *
*#...#.....#.....# ,
#...#..)............
###..#.)............,,
##......#######..# *,
######.# .. #.## #.#
#..# #.### ##.## #....


You could see 2 orc priests.

Vanquished Creatures
  The ghost of cdecastro the Spear-Bearer, a novice HuCA of Ignis (D:6)
  A troll (D:7)
  A hornet (D:5)
  Sigmund (D:2)
  2 water moccasins
  A black bear (D:6)
  A centaur (D:7)
  3 ogres
  2 brain worms (Sewer)
  5 kobold brigands
  2 bullfrogs
  9 wights (D:6)
  3 scorpions
  2 jellies (D:6)
  3 bombardier beetles
  4 hounds
  4 sleepcaps
  6 iguanas
  3 orc wizards
  11 adders
  6 river rats
  3 shadow imps
  2 white imps (D:6)
  7 ufetubi (D:6)
  3 dart slugs
  7 ribbon worms
  23 orcs
  5 endoplasms
  4 giant cockroaches
  8 goblins
  8 hobgoblins
  5 jackals
  27 kobolds
  2 quokkas
  8 ball pythons
  8 bats
  5 frilled lizards
  9 rats
205 creatures vanquished.

Vanquished Creatures (others)
  122 foxfires
122 creatures vanquished.

Grand Total: 327 creatures vanquished

Notes
Turn   | Place    | Note
-------+----------+-------------------------------------------
     0 | D:1      | ChrisAssaf the Djinni Fire Elementalist began the quest for
                  | the Orb.
     0 | D:1      | ChrisAssaf set off with the following spells memorised:
                  | Foxfire, Scorch, Volatile Blastmotes, Inner Flame, Flame
                  | Wave.
     0 | D:1      | Reached XP level 1. HP: 15/15 MP: 0/0
   237 | D:1      | Reached XP level 2. HP: 21/21 MP: 0/0
   516 | D:1      | Reached XP level 3. HP: 19/26 MP: 0/0
   516 | D:1      | Learned a level 1 spell: Slow
  1323 | D:2      | Found a faded altar of an unknown god.
  1347 | D:2      | Prayed at the altar of an unknown god.
  1347 | D:2      | Became a worshipper of Ashenzari the Shackled
  1399 | D:2      | Noticed Sigmund
  1423 | D:2      | Killed Sigmund
  1424 | D:2      | Reached skill level 1 in Fighting
  1424 | D:2      | Reached skill level 1 in Short Blades
  1424 | D:2      | Reached skill level 1 in Armour
  1424 | D:2      | Reached skill level 3 in Dodging
  1424 | D:2      | Reached XP level 4. HP: 23/33 MP: 0/0
  1424 | D:2      | Reached XP level 5. HP: 27/38 MP: 0/0
  1424 | D:2      | Learned a level 2 spell: Ensorcelled Hibernation
  1424 | D:2      | Reached XP level 6. HP: 31/43 MP: 0/0
  2198 | D:3      | Reached * piety under Ashenzari
  2472 | D:3      | Gained mutation: You passively map a small area around you.
                  | [potion of mutation]
  2472 | D:3      | Gained mutation: You are very vulnerable to cold. (rC--)
                  | [potion of mutation]
  2746 | D:4      | Noticed an ogre
  2759 | D:4      | Killed an ogre
  2760 | D:4      | Reached XP level 7. HP: 40/49 MP: 0/0
  2760 | D:4      | Learned a level 3 spell: Hailstorm
  3072 | D:4      | Reached skill level 1 in Evocations
  3288 | D:4      | You are sucked into a shaft and drop 2 floors!
  3336 | D:5      | Entered Level 5 of the Dungeon
  3380 | D:5      | Found a glowing drain.
  3384 | Sewer    | Entered a sewer
  3500 | Sewer    | Reached skill level 4 in Dodging
  3580 | Sewer    | Reached XP level 8. HP: 8/55 MP: 0/0
  5029 | D:5      | Found a staircase to the Ecumenical Temple.
  5665 | D:5      | Noticed a hornet
  5681 | D:5      | Killed a hornet
  5682 | D:5      | Reached skill level 5 in Dodging
  5682 | D:5      | Reached XP level 9. HP: 17/62 MP: 0/0
  5682 | D:5      | Learned a level 4 spell: Dispel Undead
  6046 | D:6      | Identified the Omnibus of the Frigid Maleficium
  6811 | D:6      | Found a runed translucent gate.
  6811 | D:6      | Noticed cdecastro's ghost (novice HuCA)
  6812 | D:6      | Found a runed translucent gate.
  6812 | D:6      | Found a runed translucent gate.
  6840 | D:6      | Killed cdecastro's ghost
  6841 | D:6      | Reached skill level 1 in Throwing
  6841 | D:6      | Reached XP level 10. HP: 10/69 MP: 0/0
  7015 | D:6      | Reached skill level 5 in Armour
  7421 | D:7      | Reached skill level 6 in Dodging
  7421 | D:7      | Reached skill level 5 in Stealth
  7482 | D:7      | Reached skill level 5 in Fighting
  7482 | D:7      | Reached skill level 5 in Spellcasting
  7482 | D:7      | Reached skill level 5 in Conjurations
  7482 | D:7      | Reached skill level 5 in Hexes
  7482 | D:7      | Reached skill level 5 in Summonings
  7482 | D:7      | Reached skill level 5 in Necromancy
  7482 | D:7      | Reached skill level 5 in Translocations
  7482 | D:7      | Reached skill level 5 in Fire Magic
  7482 | D:7      | Reached skill level 5 in Ice Magic
  7482 | D:7      | Reached skill level 5 in Air Magic
  7482 | D:7      | Reached skill level 5 in Earth Magic
  7482 | D:7      | Reached skill level 5 in Alchemy
  7511 | D:7      | Identified the cursed +0 robe of the Pangnostic Sky {Dev,
                  | Melee}
  7787 | D:7      | Killed from afar by an orc priest

Illustrated notes

Levels and vault maps discovered:
D:1:      dpeg_arrival_circle_labyrinth_c, layout_loops_ring,
          palyth_stone_intersect, minmay_tripent
D:2:      cheibrodos_fertilizer, layout_loops_corners,
          chequers_ecumenical_altar_island, uniq_sigmund,
          uniq_crazy_yiuf_cottage
D:3:      layout_basic
D:4:      layout_cave_pools, kennysheep_cluttered_room, nicolae_wormholes
D:5:      layout_loops_corners, minmay_temple_entry_statues_pillars,
          gup_sewer_entry_bowl, chequers_serial_rivers_small_b
D:6:      layout_basic, serial_demonic, serial_demonic_b, serial_demonic_c,
          serial_demonic_e, serial_demonic_e, serial_demonic_c,
          serial_demonic_g, serial_demonic_f, ebering_ghost_rock_garden
D:7:      hangedman_cross_stitches, layout_basic, biasface_ghost_orc_armoury,
          uniq_prince_ribbit1

Skill      XL: |  1  2  3  4  5  6  7  8  9 10 |
---------------+-------------------------------+-----
Stealth        | 2 3 4 5 |  5.2
Fighting       | 1 2 3 4 5 |  5.1
Short Blades   | 1 2 3 4 |  4.8
Armour         | 1 2 3 4 5 |  5.3
Dodging        | 3 4 5 6 |  6.2
Evocations     | 1 3 4 |  4.8
Spellcasting   | 4 5 |  5.0
Conjurations   | 4 5 |  5.0
Hexes          | 4 5 |  5.0
Summonings     | 4 5 |  5.0
Necromancy     | 4 5 |  5.0
Translocations | 4 5 |  5.0
Fire Magic     | 4 5 |  5.0
Ice Magic      | 4 5 |  5.0
Air Magic      | 4 5 |  5.0
Earth Magic    | 4 5 |  5.0
Alchemy        | 4 5 |  5.0
Throwing       | 1 2 |  2.0

Action                     |  1- 3 |  4- 6 |  7- 9 | 10-12 || total
---------------------------+-------+-------+-------+-------++-------
  Melee: Dagger            |    20 |    19 |   121 |    46 ||   206
         Punch             |       |       |     3 |     1 ||     4
  Throw: Dart              |       |       |       |     1 ||     1
   Cast: Foxfire           |    12 |     6 |    42 |     9 ||    69
         Scorch            |    18 |    16 |    86 |    15 ||   135
         Volatile Blastmot |     1 |     6 |     5 |     6 ||    18
         Inner Flame       |       |     3 |     4 |     1 ||     8
         Hailstorm         |       |       |     3 |       ||     3
         Flame Wave        |       |       |     1 |       ||     1
         Dispel Undead     |       |       |       |     1 ||     1
 Invoke: Curse Item        |     1 |     1 |       |       ||     2
  Evoke: Wand              |       |       |    12 |     8 ||    20
    Use: Scroll            |     3 |     1 |     5 |     1 ||    10
         Potion            |     1 |     1 |     5 |     1 ||     8
   Stab: Sleeping          |     1 |     7 |     5 |     1 ||    14
 Armour: Robe              |    13 |    25 |   128 |    37 ||   203
         Skin              |       |       |       |    18 ||    18
  Dodge: Dodged            |    12 |    28 |   143 |    49 ||   232
